 Dungeon Crawl Stone Soup version 0.22-a0-553-g9358b0b (webtiles) character file.

119 pk666 the Magician (level 4, 0/24 HPs)
             Began as a Deep Elf Wizard on June 25, 2018.
             Slain by an orc wizard
             ... wielding a +0 dagger
              (2 damage)
             ... on level 3 of the Dungeon.
             The game lasted 00:04:14 (1619 turns).

pk666 the Magician (Deep Elf Wizard)                Turns: 1619, Time: 00:04:15

Health: 0/24       AC:  4    Str:  4    XL:     4   Next: 74%
Magic:  0/14       EV: 13    Int: 24    God:
Gold:   84         SH:  0    Dex: 13    Spells: 11/15 levels left

rFire    . . .     SeeInvis .   (no weapon)
rCold    . . .     Gourm    .   (no shield)
rNeg     . . .     Faith    .   a - +0 robe
rPois    .         Spirit   .   b - +0 hat
rElec    .         Reflect  .   (no cloak)
rCorr    .         Harm     .   (no gloves)
MR       .....                  (no boots)
Stlth    ++........             (no amulet)
HPRegen  0.08/turn              g - +2 ring of protection (curse)
MPRegen  0.14/turn              (no ring)

@: no status effects
A: no striking features
a: no special abilities


You were on level 3 of the Dungeon.
You were hungry.

You visited 1 branch of the dungeon, and saw 3 of its levels.

You collected 84 gold pieces.

Inventory:

Armour
 a - a +0 robe (worn)
 b - a +0 hat (worn)
Jewellery
 g - a cursed +2 ring of protection (left hand)
Scrolls
 c - 2 scrolls of identify {unknown}
 e - a scroll of enchant weapon {unknown}
 f - a scroll of fear {unknown}
 k - a scroll of amnesia {unknown}
 l - 4 scrolls of teleportation {unknown}
Potions
 h - a potion of agility {unknown}
 i - 2 potions of mutation {unknown}
 j - a potion of flight {unknown}
 m - a potion of lignification {unknown}
 n - a potion of might {unknown}
 o - a potion of curing {unknown}
Comestibles
 d - 7 rations


   Skills:
 - Level 2.4 Dodging
 - Level 2.4 Stealth
 + Level 6.1 Spellcasting
 + Level 3.5 Conjurations
   Level 1.1 Summonings
   Level 1.1 Translocations
 + Level 0.8 Fire Magic


You had 11 spell levels left.
You knew the following spells:

 Your Spells              Type           Power        Failure   Level  Hunger
a - Magic Dart            Conj           ###.         1%          1    None
b - Conjure Flame         Conj/Fire      ###.....     10%         3    #......

Your spell library contained the following spells:

 Spells                   Type           Power        Failure   Level  Hunger
 Slow                     Hex            #.......     12%         2    None
 Mephitic Cloud           Conj/Pois/Air  ##......     14%         3    #......
 Blink                    Tloc           N/A          8%          2    None
 Call Imp                 Summ           ##......     8%          2    None


Dungeon Overview and Level Annotations

Branches:
Dungeon (3/15)

Altars:
Gozag
Hepliaklqana
Qazlal
Ru


Message History

You hear some strange, mumbled words.
A magic dart appears from out of thin air!
The magic dart hits you!
* * * LOW HITPOINT WARNING * * *
Casting: Magic Dart (safe; 1% risk of failure)
Confirm with . or Enter, or press ? or * to list all spells.
Aiming: Magic Dart (safe; 1% risk of failure)
Press: ? - help, Shift-Dir - straight line, f/p - orc
Aim: an orc, wearing a leather armour (almost dead)
The magic dart hits something.
Casting: Magic Dart (safe; 1% risk of failure)
Confirm with . or Enter, or press ? or * to list all spells.
Aiming: Magic Dart (safe; 1% risk of failure)
Press: ? - help, Shift-Dir - straight line, f/p - orc
Aim: an orc, wearing a leather armour (almost dead)
The magic dart hits the orc.
You kill the orc!
Something hits you but does no damage. Something hits you.
You die...

#.# #.# #.# #o#
#.#
#.##############
#.....o...#....#
#########[#.##.#
#.....#@#.##.#
#.....{<#.##.#
#####.#...##.#
#.#.####.#
#.######.#
#........#
##########


There were no monsters in sight!

Vanquished Creatures
  An orc priest (D:3)
  Jessica (D:2)
  2 adders (D:2)
  An ooze (D:2)
  A dart slug (D:1)
  An orc (D:3)
  5 bats
  3 giant cockroaches (D:2)
  2 hobgoblins
  4 jackals (D:1)
  A ball python (D:1)
  3 frilled lizards (D:2)
  5 goblins
  6 kobolds
  5 rats
41 creatures vanquished.

Notes
Turn   | Place    | Note
-------+----------+-------------------------------------------
     0 | D:1      | pk666 the Deep Elf Wizard began the quest for the Orb.
     0 | D:1      | Reached XP level 1. HP: 10/10 MP: 7/7
   188 | D:1      | Reached XP level 2. HP: 15/15 MP: 7/9
   376 | D:1      | Reached skill level 5 in Spellcasting
   885 | D:2      | Reached XP level 3. HP: 19/19 MP: 4/11
  1097 | D:2      | Found a hazy altar of Hepliaklqana.
  1245 | D:2      | Found a sacrificial altar of Ru.
  1279 | D:2      | Found a stormy altar of Qazlal.
  1318 | D:2      | Found Gozag's Platinum Reserve.
  1358 | D:2      | Found an opulent altar of Gozag.
  1448 | D:2      | Noticed Jessica
  1453 | D:2      | Killed Jessica
  1453 | D:2      | Reached XP level 4. HP: 24/24 MP: 9/13
  1471 | D:2      | Learned a level 3 spell: Conjure Flame
  1585 | D:3      | Reached skill level 6 in Spellcasting
  1619 | D:3      | Slain by an orc wizard

Vault maps used:
D:1:      minmay_arrival_stone_box, minivault_4
D:2:      nicolae_gozag_zags_fifth_avenue, lemuel_doored_altar,
          nicolae_ru_the_path_less_chosen, lemuel_coloured_pillars_altar,
          first_ration, uniq_jessica
D:3:      lemuel_tele_altar

Skill      XL: |  1  2  3  4 |
---------------+-------------+-----
Conjurations   | 2 3 |  3.5
Spellcasting   | 5 6 |  6.1
Dodging        | |  2.4
Stealth        | |  2.4
Summonings     | |  1.1
Translocations | |  1.1
Fire Magic     | |  0.8

Action                   |  1- 3 |  4- 6 || total
-------------------------+-------+-------++-------
Melee: Unarmed           |       |     1 ||     1
 Cast: Magic Dart        |    83 |    19 ||   102
  Eat: Chunk             |     1 |       ||     1
Armor: Robe              |     1 |     4 ||     5
Dodge: Dodged            |     9 |     2 ||    11

Table legend:
 A = Spawn XP
 B = Non-spawn XP
 C = Spawn XP percentage of total XP
 D = Spawn monster count
 E = Non-spawn monster count
 F = Spawn count percentage of total count
 G = Total turns spent on level
                    A         B        C        D         E        F      G
               +---------+---------+-------+---------+---------+-------+---------
         Total |       0 |     171 |   0.0 |       0 |      41 |   0.0 |  1619
               +---------+---------+-------+---------+---------+-------+---------
           D:1 |       0 |      31 |   0.0 |       0 |      19 |   0.0 |   777
           D:2 |       0 |      96 |   0.0 |       0 |      20 |   0.0 |   754
           D:3 |       0 |      44 |   0.0 |       0 |       2 |   0.0 |    88
               +---------+---------+-------+---------+---------+-------+---------
